 Dungeon Crawl Stone Soup version 0.23-a0-139-ga22e90c (webtiles) character file.

9671 Amnesiac the Fighter (level 11, -4/123 HPs)
             Began as an Ogre Monk on Aug 31, 2018.
             Was a High Priest of Okawaru.
             Slain by a six-headed hydra (12 damage)
             ... on level 2 of the Lair of Beasts.
             The game lasted 00:21:24 (14533 turns).

Amnesiac the Fighter (Ogre Monk)                   Turns: 14533, Time: 00:21:25

Health: -4/123     AC:  7    Str: 20    XL:     11   Next: 50%
Magic:  15/17      EV: 13    Int: 11    God:    Okawaru [*****.]
Gold:   169        SH:  0    Dex: 11    Spells: 10/10 levels left

rFire    + . .     SeeInvis .   a - +0 giant club
rCold    . . .     Gourm    .   (shield currently unavailable)
rNeg     + + .     Faith    .   l - +1 robe
rPois    +         Spirit   .   (helmet restricted)
rElec    .         Reflect  .   s - +2 cloak {rPois}
rCorr    .         Harm     .   (gloves unavailable)
MR       +....                  (boots unavailable)
Stlth    ++++......             (no amulet)
HPRegen  0.30/turn              n - ring of positive energy
MPRegen  0.15/turn              q - ring of positive energy

@: heroism
A: large, unfitting armour, camouflage 1, fire resistance 1, tough skin 1
a: Heroism, Finesse, Renounce Religion


You were on level 2 of the Lair of Beasts.
You worshipped Okawaru.
Okawaru was extremely pleased with you.
You were near starving.

You visited 2 branches of the dungeon, and saw 10 of its levels.

You collected 566 gold pieces.
You spent 397 gold pieces at shops.

Inventory:

Hand Weapons
 a - a +0 giant club (weapon)
 b - a +2 whip of venom
 h - a +4 quarterstaff of chaos
 C - a +0 giant spiked club
Missiles
 g - 2 poisoned tomahawks (quivered)
 m - 4 tomahawks of returning
Armour
 l - a +1 robe (worn)
 s - a +2 cloak of poison resistance (worn)
 v - a scarf of resistance
Jewellery
 n - a ring of positive energy (left hand)
 q - a ring of positive energy (right hand)
 t - an uncursed ring of see invisible
Scrolls
 d - 3 scrolls of remove curse {!r}
 i - 7 scrolls of teleportation {!r}
 p - 3 scrolls of enchant weapon {!r}
 u - 2 scrolls of magic mapping {!r}
 w - 2 scrolls of enchant armour {!r}
 y - 2 scrolls of identify {!r}
Potions
 e - a potion of resistance {!q, unknown}
 f - a potion of curing {!q}
 j - a potion of mutation {!q}
 k - a potion of might {!q}
 o - 4 potions of agility {!q}
 r - 2 potions of invisibility {!q}
 x - a potion of flight {!q}
 z - a potion of ambrosia {!q}
 A - a potion of brilliance {!q}
Miscellaneous
 B - a phial of floods
Comestibles
 c - 19 rations


   Skills:
 + Level 12.2(17.2) Fighting
 * Level 12.2(17.2) Maces & Flails
 - Level 2.6(7.6) Dodging
 - Level 1.4(6.4) Stealth
 - Level 8.2 Invocations


You had 10 spell levels left.
You didn't know any spells.
Your spell library contained the following spells:

 Spells                   Type           Power        Failure   Level  Hunger
 Beastly Appendage        Tmut           #.....       34%         1    ##.....
 Sticks to Snakes         Tmut           #.......     47%         2    ###....
 Spider Form              Tmut/Pois      #.........   71%         3    ####...
 Ice Form                 Ice/Tmut       #.......     98%         4    #####..
 Blade Hands              Tmut           #.........   100%        5    ######.


Dungeon Overview and Level Annotations

Branches:
Dungeon (8/15)             Temple (0/1) D:5            Lair (2/6) D:8
  Swamp: Lair:2-4    Shoals: Lair:2-4     Snake: Lair:2-4    Spider: Lair:2-4

Altars:
Ashenzari
Kikubaaqudgha
Makhleb
Okawaru
Qazlal
Uskayaw
Vehumet
Yredelemnul

Shops:
D:4 *[!?=


Innate Abilities, Weirdness & Mutations

You are too large for most types of armour.
You have tough skin. (AC +1)
Your skin changes colour to match your surroundings (Stealth+).
Your flesh is heat resistant. (rF+)


Message History

Done exploring.
There is a stone staircase leading down here.
You climb downwards.
A komodo dragon comes into view.
Found a stone staircase leading up.
There is a stone staircase leading up here.
A black mamba comes into view.
The komodo dragon hisses angrily.
A yak comes into view.
There is a stone staircase leading up here.
The komodo dragon barely misses you.
You climb upwards.
There is a stone staircase leading down here.
There is a stone staircase leading down here.
You climb downwards.
Found 34 gold pieces and 7 poisoned needles.
There is a stone staircase leading up here.
A six-headed hydra comes into view.
A six-headed hydra is nearby!
A six-headed hydra is nearby!
Evoke which item? (* to show all) (? for menu, Esc to quit)
Okay, then.
You gain the combat prowess of a mighty hero.
The six-headed hydra roars!
You hear an angry hiss.
A komodo dragon comes into view.
You barely miss the six-headed hydra. The six-headed hydra bites you!
The six-headed hydra closely misses you.
The six-headed hydra bites you!
The six-headed hydra closely misses you.
The six-headed hydra bites you! The six-headed hydra barely misses you.
A crocodile comes into view.
You pound the six-headed hydra like an anvil!!!
The six-headed hydra is heavily wounded.
The six-headed hydra bites you! The six-headed hydra bites you.
The six-headed hydra bites you but does no damage.
The six-headed hydra bites you!
* * * LOW HITPOINT WARNING * * *
The six-headed hydra closely misses you.
The six-headed hydra barely misses you.
You bludgeon the six-headed hydra!!
The six-headed hydra is almost dead.
You are near starving!
You sock the six-headed hydra!
The six-headed hydra is almost dead.
The six-headed hydra bites you.
* * * LOW HITPOINT WARNING * * *
The six-headed hydra bites you.
* * * LOW HITPOINT WARNING * * *
The six-headed hydra bites you!
* * * LOW HITPOINT WARNING * * *
The six-headed hydra bites you.
* * * LOW HITPOINT WARNING * * *
The six-headed hydra bites you.
* * * LOW HITPOINT WARNING * * *
The six-headed hydra bites you but does no damage.
You hit the six-headed hydra but do no damage.
The six-headed hydra is almost dead.
The six-headed hydra bites you!
* * * LOW HITPOINT WARNING * * *
The six-headed hydra barely misses you. The six-headed hydra bites you!
* * * LOW HITPOINT WARNING * * *
The six-headed hydra bites you but does no damage.
The six-headed hydra barely misses you. The six-headed hydra bites you!
You die...

# ....... .... ..
.................
.......PPPP..#..#.
...t...P..#..+....
#............(..
#..$...#..#....
......D#.#.#.#.#.#
#......@..........
#......#.#<#.#.#.
...$.....l........
.......#.#.#.#.#.#
...............
.......#.#.#.#.#
.................
.#P##.##.#.# #.#.#
## # ..... ....


You could see a six-headed hydra, a komodo dragon and a crocodile.

Vanquished Creatures
  3 death yaks
  A black mamba (Lair:1)
  3 spiny frogs (Lair:1)
  2 komodo dragons (Lair:1)
  The ghost of Thaneod the Skirmisher, a novice VSFi (D:5)
  2 hippogriffs
  A spriggan (D:7)
  Eustachio (D:6)
  Edmund (D:4)
  2 water moccasins
  Duvessa (D:6)
  An orc warrior (D:7)
  A porcupine (Lair:1)
  2 black bears
  An ice beast (D:6)
  3 sky beasts
  6 ogres
  3 phantoms
  4 centaurs
  2 crocodiles (Lair:1)
  A big kobold (D:7)
  7 bullfrogs
  Dowan (D:6)
  3 scorpions
  19 killer bees
  5 wights (D:8)
  A howler monkey (D:4)
  3 crimson imps
  3 hounds
  2 bullfrog skeletons
  A centaur skeleton (D:7)
  A gnoll shaman (D:4)
  3 orc priests
  Crazy Yiuf (D:6)
  A jelly (D:5)
  4 hell rats (D:8)
  3 iguanas
  3 worker ants
  Natasha (thrice) (D:2)
  4 orc wizards
  A worker ant zombie (D:7)
  4 gnolls (D:4)
  4 adders
  A howler monkey skeleton (D:7)
  2 river rats (D:8)
  2 shadow imps
  2 oozes (D:1)
  An adder zombie (D:5)
  3 worms
  A dart slug (D:4)
  8 leopard geckos
  35 orcs
  4 bat zombies (D:3)
  3 giant cockroaches
  11 goblins
  6 hobgoblins
  14 jackals
  3 quokkas
  2 ball pythons
  4 bats
  A frilled lizard (D:1)
  A jackal zombie (D:5)
  9 kobolds
  A quokka skeleton (D:4)
  2 quokka zombies (D:5)
  11 rats
  A rat zombie (D:3)
247 creatures vanquished.

Notes
Turn   | Place    | Note
-------+----------+-------------------------------------------
     0 | D:1      | Amnesiac the Ogre Monk began the quest for the Orb.
     0 | D:1      | Reached XP level 1. HP: 24/24 MP: 1/1
    21 | D:2      | Noticed Natasha
   371 | D:1      | Reached XP level 2. HP: 30/32 MP: 2/2
   810 | D:1      | Reached XP level 3. HP: 25/39 MP: 3/3
  1232 | D:2      | Reached XP level 4. HP: 20/48 MP: 4/4
  1454 | D:2      | Noticed a phantom
  1691 | D:2      | Found a burning altar of Makhleb.
  1802 | D:2      | Killed a phantom
  1802 | D:2      | Reached skill level 5 in Fighting
  1802 | D:2      | Reached XP level 5. HP: 21/57 MP: 5/5
  2009 | D:2      | Reached skill level 5 in Maces & Flails
  2026 | D:2      | Killed Natasha
  2586 | D:2      | Noticed Natasha
  2600 | D:2      | Killed Natasha
  2600 | D:2      | Reached XP level 6. HP: 48/66 MP: 6/6
  2614 | D:2      | Noticed Natasha
  2627 | D:2      | Killed Natasha
  2825 | D:3      | Found a basalt altar of Yredelemnul.
  2832 | D:3      | Found a stormy altar of Qazlal.
  2834 | D:3      | Found an iron altar of Okawaru.
  2842 | D:3      | Became a worshipper of Warmaster Okawaru
  2842 | D:3      | Reached * piety under Okawaru
  2842 | D:3      | Reached ** piety under Okawaru
  3127 | D:3      | Gained mutation: Your flesh is heat resistant. (rF+)
                  | [potion of mutation]
  3127 | D:3      | Gained mutation: Your skin changes colour to match your
                  | surroundings (Stealth+). [potion of mutation]
  3286 | D:3      | HP: 3/67 [poisoned by an orc wizard]
  3294 | D:3      | HP: 3/67 [poisoned by an orc wizard]
  3713 | D:3      | Found an ancient bone altar of Kikubaaqudgha.
  3849 | D:4      | Found Esorphuf's Jewellery Shoppe.
  3851 | D:4      | Reached skill level 1 in Invocations
  3942 | D:4      | Noticed Edmund
  4371 | D:4      | Reached XP level 7. HP: 59/75 MP: 8/8
  4500 | D:4      | Found a burning altar of Makhleb.
  4563 | D:4      | Killed Edmund
  4681 | D:4      | Found Nagedeho's Magic Scroll Shop.
  4686 | D:4      | Bought a scroll of blinking for 97 gold pieces
  4753 | D:4      | Found Coplupne's Distillery.
  4764 | D:4      | Found Heurug's Armour Boutique.
  4816 | D:4      | Bought a potion of heal wounds for 55 gold pieces
  4881 | D:4      | Found Seebbiz's General Store.
  4914 | D:4      | Reached *** piety under Okawaru
  5015 | D:5      | Entered Level 5 of the Dungeon
  5060 | D:5      | Reached XP level 8. HP: 75/84 MP: 10/10
  5451 | D:5      | Found a runed door.
  5453 | D:5      | Noticed Thaneod's ghost (novice VSFi)
  5504 | D:5      | Found a staircase to the Ecumenical Temple.
  6122 | D:5      | Killed Thaneod's ghost
  6135 | D:6      | Reached XP level 9. HP: 96/96 MP: 12/12
  6136 | D:6      | Noticed Eustachio
  6140 | D:6      | Killed Eustachio
  6140 | D:6      | Reached **** piety under Okawaru
  6140 | D:6      | Reached skill level 5 in Invocations
  6308 | D:6      | Received a gift from Okawaru
  6360 | D:6      | Found a radiant altar of Vehumet.
  6360 | D:6      | Found a hide-covered altar of Uskayaw.
  6998 | D:6      | Found a runed door.
  7050 | D:6      | Noticed Dowan
  7053 | D:6      | Noticed Duvessa
  7062 | D:6      | Killed Duvessa
  7063 | D:6      | Killed Dowan
  7179 | D:6      | Noticed Crazy Yiuf
  7186 | D:6      | Killed Crazy Yiuf
  7780 | D:7      | Reached XP level 10. HP: 41/110 MP: 11/14
  8328 | D:7      | Found a shattered altar of Ashenzari.
  8807 | D:7      | Reached skill level 10 in Fighting
  8807 | D:7      | Reached skill level 10 in Maces & Flails
 10296 | D:8      | Found a staircase to the Lair.
 10296 | D:8      | Noticed a death yak
 10299 | D:8      | Noticed a death yak
 10309 | D:8      | Noticed a death yak
 10424 | D:7      | HP: 5/111 [death yak (12)]
 10430 | D:7      | Killed a death yak
 10808 | D:8      | Killed a death yak
 10837 | D:8      | Killed a death yak
 10837 | D:8      | Reached ***** piety under Okawaru
 10883 | D:8      | Reached XP level 11. HP: 18/120 MP: 14/17
 10893 | D:8      | HP: 2/120 [hell rat (8)]
 11703 | D:8      | Received a gift from Okawaru
 12615 | Lair:1   | Entered Level 1 of the Lair of Beasts
 13512 | D:4      | Bought a +1 cloak of poison resistance for 148 gold pieces
 13555 | D:4      | Bought a scroll of enchant weapon for 97 gold pieces
 14525 | Lair:2   | Noticed a six-headed hydra
 14533 | Lair:2   | Slain by a six-headed hydra

Vault maps used:
D:1:      lemuel_arrival_river_ford
D:2:      kennysheep_minor_cross, bloody_makhleb, uniq_natasha
D:3:      lemuel_crystal_altar, lemuel_zombie_altar_kikubaaqudgha,
          okawaru_ov_weapons_minmay, yredelemnul_altar_generic, st_stairs_8
D:4:      kennysheep_little_box, serial_shops, nicolae_shop_trees, shop,
          shop_coins, shop, nicolae_shop_trees, first_ration, uniq_edmund
D:5:      kennysheep_big_flooded_room, minmay_temple_entry_statues,
          serial_corexii_hall, corexii_hall_statues_i, corexii_hall_statues_x,
          ebering_ghost_reflecting_pool, kennysheep_potato
D:6:      chequers_temple_overflow_statue_of_worship, solitary_fountain,
          uniq_eustachio, uniq_crazy_yiuf_cottage, uniq_duvessa
D:7:      old_standard_altar, the_bakery
D:8:      dpeg_lair_monsters
Lair:1:   grunt_megastairs_5, lemuel_fruit_fields
Lair:2:   st_stairs_10

Skill      XL: |  1  2  3  4  5  6  7  8  9 10 11 |
---------------+----------------------------------+-----
Maces & Flails | 3 4 5 6 8 9 11 12 | 12.2
Fighting       | 5 6 8 9 11 12 | 12.2
Invocations    | 1 3 4 6 8 |  8.2
Dodging        | |  2.6
Stealth        | |  1.4

Action                   |  1- 3 |  4- 6 |  7- 9 | 10-12 || total
-------------------------+-------+-------+-------+-------++-------
Melee: Mace              |   122 |   101 |       |       ||   223
       Dagger            |       |    66 |    19 |       ||    85
       Flail             |       |    29 |   179 |       ||   208
       Punch             |       |     1 |       |     1 ||     2
       Giant spiked club |       |       |   159 |   106 ||   265
       Whip              |       |       |       |   201 ||   201
       Giant club        |       |       |       |    50 ||    50
       Quarterstaff      |       |       |       |     5 ||     5
 Fire: Hunting sling     |       |    70 |       |       ||    70
Throw: Tomahawk          |       |       |     6 |     1 ||     7
       Throwing net      |       |       |     1 |       ||     1
Invok: Heroism           |       |     1 |     9 |     9 ||    19
       Finesse           |       |       |       |     1 ||     1
  Use: Scroll            |     2 |     5 |     4 |     5 ||    16
       Potion            |       |     6 |       |     3 ||     9
 Stab: Sleeping          |     5 |     3 |    10 |     2 ||    20
       Distracted        |       |     1 |       |     1 ||     2
  Eat: Chunk             |     1 |     9 |    12 |    17 ||    39
       Ration            |       |       |       |     1 ||     1
Armor: Robe              |    27 |    68 |   117 |    74 ||   286
Dodge: Dodged            |    80 |   122 |   220 |   180 ||   602

Table legend:
 A = Non-vault XP
 B = Vault XP
 C = Vault XP percentage of total XP
 D = Non-vault monster count
 E = Vault monster count
 F = Vault count percentage of total count
                 A         B        C        D         E       F
            +---------+---------+-------+---------+---------+-------
      Total |    8870 |    4947 |  35.8 |     216 |      31 |  12.6
            +---------+---------+-------+---------+---------+-------
        D:1 |      48 |       0 |   0.0 |      20 |       0 |   0.0
        D:2 |     289 |      35 |  10.8 |      28 |       1 |   3.4
        D:3 |     113 |      10 |   8.1 |      15 |       6 |  28.6
        D:4 |     515 |     164 |  24.2 |      24 |       1 |   4.0
        D:5 |     670 |     497 |  42.6 |      27 |       4 |  12.9
        D:6 |     846 |     461 |  35.3 |      14 |       4 |  22.2
        D:7 |    2031 |    1061 |  34.3 |      45 |       2 |   4.3
        D:8 |    2093 |    1880 |  47.3 |      35 |      10 |  22.2
     Lair:1 |    2265 |     839 |  27.0 |       8 |       3 |  27.3
            +---------+---------+-------+---------+---------+-------
